 Dungeon Crawl Stone Soup version 0.22.1-1-ga44c0e56f4 (webtiles) character file.

2133 Kaderl the Slasher (level 9, 0/68 HPs)
             Began as a Human Fighter on Sept 27, 2018.
             Slain by Menkaure (8 damage)
             ... on level 7 of the Dungeon.
             The game lasted 00:23:57 (7557 turns).

Kaderl the Slasher (Human Fighter)                  Turns: 7557, Time: 00:23:58

Health: 0/68       AC: 16    Str: 23    XL:     9   Next: 55%
Magic:  0/9        EV:  6    Int: 10    God:
Gold:   294        SH: 11    Dex: 15    Spells: 8/8 levels left

rFire    . . .     SeeInvis .   a - +3 long sword
rCold    . . .     Gourm    .   c - +0 shield
rNeg     . . .     Faith    .   B - +1 plate armour
rPois    .         Spirit   +   v - +0 helmet
rElec    .         Reflect  .   (no cloak)
rCorr    +         Harm     .   (no gloves)
MR       .....                  y - +0 pair of boots
Stlth    ..........             k - amulet of guardian spirit
HPRegen  0.21/turn              o - ring of resist corrosion
MPRegen  0.11/turn              i - +2 ring of dexterity

@: mighty, about to teleport, marked
A: no striking features
a: no special abilities


You were on level 7 of the Dungeon.
You were not hungry.

You visited 2 branches of the dungeon, and saw 8 of its levels.

You collected 294 gold pieces.

Inventory:

Hand Weapons
 a - a +3 long sword (weapon)
Missiles
 t - 192 stones (quivered)
Armour
 c - a +0 shield (worn)
 v - a +0 helmet (worn)
 y - a +0 pair of boots (worn)
 B - a +1 plate armour (worn)
Jewellery
 d - an uncursed ring of protection from fire
 i - a +2 ring of dexterity (right hand)
 k - an amulet of guardian spirit (around neck)
 o - a ring of resist corrosion (left hand)
 u - an uncursed ring of see invisible
Scrolls
 l - a scroll of remove curse
 r - 4 scrolls of fear
 A - a scroll of amnesia
Potions
 e - 3 potions of lignification
 h - 2 potions of curing
 j - 2 potions of haste
 m - a potion of flight
 n - a potion of agility {unknown}
 q - a potion of magic
 w - a potion of brilliance {unknown}
 x - a potion of berserk rage
 z - a potion of resistance {unknown}
Comestibles
 f - 2 rations


   Skills:
 + Level 5.1 Fighting
 + Level 7.5 Long Blades
 + Level 1.1 Throwing
 + Level 6.2 Armour
 + Level 2.9 Dodging
 + Level 1.0 Stealth
 + Level 6.1 Shields


You had 8 spell levels left.
You didn't know any spells.
Your spell library was empty.

Dungeon Overview and Level Annotations

Branches:
Dungeon (7/15)             Temple (1/1) D:5

Altars:
Ashenzari
Cheibriados
Dithmenos
Elyvilon
Fedhas
Gozag
Hepliaklqana
Kikubaaqudgha
Makhleb
Nemelex Xobeh
Okawaru
Qazlal
Ru
Sif Muna
Trog
Uskayaw
Vehumet
Wu Jian
Xom
Yredelemnul
Zin
The Shining One

Annotations:
D:7 1 runed door, Menkaure


Message History

Menkaure calls on the powers of darkness!
Harold convulses!
Your body is wracked with pain!
* * * LOW HITPOINT WARNING * * *
Harold hits you with a scimitar!
* * * LOW HITPOINT WARNING * * *
Okay, then.
You slash Harold!
You kill Harold!
Your Fighting skill increases to level 5!
Your Armour skill increases to level 6!
Your Shields skill increases to level 6!
As you read the scroll of teleportation, it crumbles to dust.
You feel strangely unstable. Menkaure hits you but does no damage.
You hit Menkaure.
Menkaure is lightly damaged.
You block Menkaure's attack.
You hit Menkaure.
Menkaure is moderately damaged.
You block Menkaure's attack. Menkaure hits you!
You die...

#.#
#####.#.#####.
..#
#....###......
#.#
#.###.#.######
#.# #..........#
#
#.###.(#######.#
#.##......# #
#.........#
####M####.# #@#
#.# #.# #.# #..
..# #### #..


You could see Menkaure.

Vanquished Creatures
  Harold (D:7)
  Prince Ribbit (D:5)
  Sigmund (D:3)
  The ghost of LiquoriceLizzard the Shield-Bearer, an amateur GrFi (D:3)
  An ice beast (D:5)
  A phantom (D:5)
  An ogre (D:6)
  A bullfrog (D:6)
  2 scorpions (D:6)
  2 crimson imps (D:5)
  2 howler monkeys
  2 hounds (D:4)
  3 quasits (D:3)
  2 centaur skeletons
  An orc priest (D:5)
  An iguana (D:4)
  3 orc wizards
  5 worker ants
  A killer bee zombie (D:6)
  A hound skeleton (D:4)
  5 adders
  3 gnolls (D:5)
  A shadow imp (D:5)
  2 oozes
  An adder skeleton (D:4)
  7 worms
  A dart slug (D:3)
  4 leopard geckos
  8 orcs
  6 bats
  2 giant cockroaches
  6 goblins
  15 hobgoblins
  7 jackals
  A kobold (D:1)
  2 quokkas
  2 ball pythons
  5 frilled lizards
  13 rats
124 creatures vanquished.

Notes
Turn   | Place    | Note
-------+----------+-------------------------------------------
     0 | D:1      | Kaderl the Human Fighter began the quest for the Orb.
     0 | D:1      | Reached XP level 1. HP: 18/18 MP: 1/1
   133 | D:1      | Reached XP level 2. HP: 15/24 MP: 2/2
   282 | D:1      | Reached XP level 3. HP: 23/29 MP: 3/3
  1035 | D:2      | Reached XP level 4. HP: 23/35 MP: 4/4
  1286 | D:2      | Found a basalt altar of Yredelemnul.
  2147 | D:2      | Found a white marble altar of Elyvilon.
  2513 | D:3      | Found an ornate altar of the Wu Jian Council.
  2562 | D:3      | Reached skill level 1 in Dodging
  2596 | D:3      | Reached XP level 5. HP: 40/41 MP: 5/5
  2619 | D:3      | Reached skill level 3 in Long Blades
  2766 | D:3      | Found a transporter.
  2790 | D:3      | Found a transporter.
  2790 | D:3      | Noticed LiquoriceLizzard's ghost (amateur GrFi)
  2939 | D:3      | Found a sacrificial altar of Ru.
  3057 | D:3      | Noticed Sigmund
  3352 | D:4      | Reached XP level 6. HP: 47/47 MP: 6/6
  4193 | D:4      | Reached skill level 4 in Long Blades
  4193 | D:4      | Reached XP level 7. HP: 37/53 MP: 7/7
  4795 | D:3      | Killed LiquoriceLizzard's ghost
  4795 | D:3      | Reached skill level 5 in Long Blades
  5078 | D:3      | Killed Sigmund
  5078 | D:3      | Reached skill level 5 in Armour
  5078 | D:3      | Reached XP level 8. HP: 60/60 MP: 8/8
  5139 | D:5      | Entered Level 5 of the Dungeon
  5361 | D:5      | Noticed Prince Ribbit
  5659 | D:6      | Reached skill level 5 in Shields
  5914 | D:6      | Found a radiant altar of Vehumet.
  5917 | D:6      | Found a shadowy altar of Dithmenos.
  5920 | D:6      | Found a glowing golden altar of the Shining One.
  5923 | D:6      | Found a hide-covered altar of Uskayaw.
  5932 | D:6      | Reached skill level 1 in Throwing
  6029 | D:6      | Reached skill level 6 in Long Blades
  6419 | D:6      | Found a glowing silver altar of Zin.
  6420 | D:6      | Found an opulent altar of Gozag.
  6712 | D:5      | Found a staircase to the Ecumenical Temple.
  6741 | D:5      | Reached XP level 9. HP: 36/66 MP: 5/9
  6760 | Temple   | Entered the Ecumenical Temple
  7151 | D:5      | Killed Prince Ribbit
  7151 | D:5      | Reached skill level 1 in Stealth
  7445 | D:7      | Reached skill level 7 in Long Blades
  7488 | D:7      | Found a runed door.
  7534 | D:7      | Noticed Menkaure
  7535 | D:7      | Noticed Harold
  7554 | D:7      | Killed Harold
  7554 | D:7      | Reached skill level 5 in Fighting
  7557 | D:7      | Slain by Menkaure

Skill      XL: |  1  2  3  4  5  6  7  8  9 |
---------------+----------------------------+-----
Dodging        | 1 2 |  2.9
Long Blades    | 3 4 5 6 7 |  7.5
Armour         | 4 5 6 |  6.2
Shields        | 4 5 6 |  6.1
Fighting       | 4 5 |  5.1
Throwing       | 1 |  1.1
Stealth        | 1 |  1.0

Action                   |  1- 3 |  4- 6 |  7- 9 || total
-------------------------+-------+-------+-------++-------
Melee: Long sword        |    94 |   248 |   218 ||   560
Throw: Stone             |       |    25 |     9 ||    34
  Use: Scroll            |     4 |     7 |    15 ||    26
       Potion            |       |       |     3 ||     3
  Eat: Ration            |     1 |     3 |     3 ||     7
Armor: Scale mail        |    46 |   103 |    55 ||   204
       Plate armour      |       |       |    33 ||    33
Dodge: Dodged            |    48 |    73 |    64 ||   185
Block: Shield            |    63 |   130 |   111 ||   304
       Rpst.: Long sword |    15 |    17 |    22 ||    54
